 Dungeon Crawl Stone Soup version 0.17-a0-1567-gdd419b1 (webtiles) character file.

779 volk64 the Covert (level 7, 0/46 HPs)
             Began as an Octopode Assassin on July 21, 2015.
             Was a Priest of Nemelex Xobeh.
             Slain by an ogre
             ... wielding a +0 giant club
              (12 damage)
             ... on level 6 of the Dungeon on July 22, 2015.
             The game lasted 00:36:36 (5016 turns).

volk64 the Covert (Octopode Assassin)               Turns: 5016, Time: 00:36:37

Health: 0/46       AC:  2    Str: 13    XL:     7   Next: 85%
Magic:  7/7        EV: 14    Int: 14    God:    Nemelex Xobeh [***...]
Gold:   304        SH:  0    Dex: 14    Spells: 0 memorised, 6 levels left

rFire  x . .     SeeInvis .     i - +3 dagger (drain)
rCold  + . .     Clarity  .     (no shield)
rNeg   . . .     SustAt   .     g - +1 hat
rPois  .         Gourm    .     n - amulet of faith
rElec  .         Spirit   .     m - ring of ice
rCorr  .         Warding  .     A - ring of teleportation (curse)
rMut   .         Rnd*Tele +     D - +2 ring of dexterity
MR     .....                    (no ring)
Stlth  ++++++....               (no ring)
                                (no ring)
                                (no ring)
                                (no ring)

@: not resistant to hostile enchantments, very stealthy
A: almost no armour, amphibious, 8 rings, constrict 8, camouflage 1, breathe
flames 1, clumsy 1, low mp 1, strong 1, gelatinous body 1, no device heal 1
a: Triple Draw, Renounce Religion, Breathe Fire, Evoke Teleportation


You were on level 6 of the Dungeon.
You worshipped Nemelex Xobeh.
Nemelex Xobeh was most pleased with you.
You were not hungry.

You visited 1 branch of the dungeon, and saw 6 of its levels.

You collected 304 gold pieces.

Inventory:

Hand weapons
 a - a +2 dagger
 b - a +0 blowgun
 i - a +3 dagger of draining (weapon)
 y - a +0 flail of protection
 C - a +0 blowgun (quivered)
Missiles
 c - 23 poisoned needles
 d - 5 curare-tipped needles
 E - 2 tomahawks of returning
Armour
 f - a +0 cloak
 g - a +1 hat (worn)
Jewellery
 m - a ring of ice (left tentacle)
 n - an amulet of faith (around mantle)
 A - a cursed ring of teleportation (right tentacle)
 D - a +2 ring of dexterity (on tentacle)
Magical devices
 G - a wand of fireball (6)
Scrolls
 h - 6 scrolls of identify
 k - 2 scrolls of teleportation
 o - a scroll of brand weapon {unknown}
 q - a scroll of fog
 r - 2 scrolls of remove curse
 w - a scroll of enchant weapon
Potions
 p - a potion of lignification
 u - a potion of resistance
 x - a potion of haste
 z - a potion of agility
 B - a potion of cancellation {unknown}
 F - a potion of heal wounds
 I - a potion of flight {unknown}
Miscellaneous
 t - a plain deck of escape {drawn: 5}
 H - a plain deck of war {drawn: 5}
Comestibles
 e - 4 bread rations
 j - 2 royal jellies
 l - 16 chunks of flesh
 s - 2 meat rations
 v - 3 fruits


   Skills:
 + Level 3.5 Fighting
 + Level 3.4 Short Blades
 + Level 2.0 Throwing
 + Level 4.1 Dodging
 + Level 9.8 Stealth
 + Level 1.3 Evocations


You had 6 spell levels left.
You didn't know any spells.

Dungeon Overview and Level Annotations

Branches:
Dungeon (6/15)
 Temple: D:4-7

Altars:
Gozag
Makhleb
Nemelex Xobeh
Yredelemnul

Shops:
D:2 *


Innate Abilities, Weirdness & Mutations

You cannot wear most types of armour.
You are amphibious.
You can wear up to eight rings at the same time.
You can use your tentacles to constrict eight enemies at once.
Your skin changes colour to match your surroundings (Stealth).
Your rubbery body absorbs attacks (AC +1).
You can breathe flames.
You are clumsy. (Dex -2)
Your magical capacity is low (-10% MP).
Your muscles are strong. (Str +2)
Potions and wands are less effective at restoring your health.


Message History

Found a scroll labeled ROANAE TAIGEX.
There is an open door here.
o - a scroll labeled ROANAE TAIGEX HP restored.
You open the door.
An ogre comes into view. It is wielding a giant club.
Found a potion of agility.
There is an open door here.
The ogre shouts!
You barely miss the ogre. Your squeeze misses the ogre.
The ogre hits you with a giant club!!
You barely miss the ogre.
You draw a card...
It is the Potion.
You feel better. The ogre hits you with a giant club!!
* * * LOW HITPOINT WARNING * * *
You hit the ogre. You drain the ogre! You squeeze the ogre.
The ogre is moderately wounded.
The ogre hits you with a giant club!
You die...
Your body glows with a rainbow of weird colours and disappears.

#....#
##+#....###
#.......!.#
#.........#
+.........#
#.........#
#...O.....#
#....@....#
#....#'####
#....+....#
#....#....#
#....#....#
#....#....#
#....#....#
#....'....#
#....#....#


You could see an ogre.

Vanquished Creatures
  A sky beast (D:5)
  3 crimson imps
  A hound (D:5)
  2 giant frog skeletons
  An iguana (D:5)
  An orc priest (D:5)
  5 orc wizards
  A worker ant (D:5)
  7 adders
  A river rat (D:3)
  2 adder zombies
  3 adder skeletons
  4 worms
  2 giant geckos
  23 orcs
  4 ball pythons
  9 bats
  6 giant cockroaches
  15 hobgoblins
  10 jackals
  5 quokkas
  4 giant newts
  14 goblins
  12 kobolds
  11 rats
147 creatures vanquished.

Vanquished Creatures (collateral kills)
  An adder (D:5)
  2 orcs (D:5)
  A bat (D:1)
  A kobold (D:1)
  A rat (D:5)
6 creatures vanquished.

Grand Total: 153 creatures vanquished

Notes
Turn   | Place    | Note
--------------------------------------------------------------
     0 | D:1      | volk64 the Octopode Assassin began the quest for the Orb.
     0 | D:1      | Reached XP level 1. HP: 14/14 MP: 1/1
    62 | D:1      | Reached XP level 2. HP: 4/19 MP: 2/2
   604 | D:1      | Reached skill level 6 in Stealth
   661 | D:1      | Found a sparkling altar of Nemelex Xobeh.
   665 | D:1      | Became a worshipper of Nemelex Xobeh the Trickster
   669 | D:1      | Received a gift from Nemelex Xobeh
   983 | D:1      | Reached XP level 3. HP: 24/24 MP: 3/3
  1238 | D:2      | Found Gozag's Platinum Reserve.
  1250 | D:2      | Found an opulent altar of Gozag.
  1361 | D:2      | Reached skill level 7 in Stealth
  1361 | D:2      | Reached XP level 4. HP: 26/29 MP: 4/4
  1857 | D:2      | Reached XP level 5. HP: 35/35 MP: 5/5
  2085 | D:3      | Received a gift from Nemelex Xobeh
  2240 | D:3      | Reached skill level 8 in Stealth
  2495 | D:3      | Reached XP level 6. HP: 31/41 MP: 6/6
  2510 | D:3      | Upgraded the game from 0.17-a0-1564-g7b572aa to 0.17-a0-1567-gdd419b1
  2624 | D:3      | Found a basalt altar of Yredelemnul.
  2842 | D:3      | Reached skill level 9 in Stealth
  3263 | D:4      | Gained mutation: You can breathe flames. [potion of mutation]
  3263 | D:4      | Gained mutation: Your muscles are strong. (Str +2) [potion of mutation]
  3263 | D:4      | Gained mutation: Your magical capacity is low (-10% MP). [potion of mutation]
  3276 | D:3      | Gained mutation: Potions and wands are less effective at restoring your health. [potion of mutation]
  3276 | D:3      | Gained mutation: You are clumsy. (Dex -2) [potion of mutation]
  3771 | D:5      | Entered Level 5 of the Dungeon
  3898 | D:5      | Reached XP level 7. HP: 29/46 MP: 6/6
  4163 | D:5      | Found a burning altar of Makhleb.
  4211 | D:5      | Received a gift from Nemelex Xobeh
  4242 | D:5      | Noticed a vampire mosquito
  4244 | D:5      | Reached skill level 1 in Evocations
  4246 | D:5      | Killed a vampire mosquito
  4998 | D:6      | Acquired Nemelex Xobeh's first power
  5016 | D:6      | Slain by an ogre

Vault maps used:
D:1:      dpeg_arrival_renting, dk_noncrumbling_2, kennysheep_small_spiral,
          nemelex_diamond_rough_becter
D:2:      wad_crossroads, nicolae_gozag_zags_fifth_avenue, first_bread,
          kennysheep_generic_room_6
D:3:      nicolae_overflow_hidden_temple, portal_sewer_entry_c
D:5:      makhleb_blood_cavern_becter
D:6:      okawaru_altar_gauntlet_db

Action                   |  1- 3 |  4- 6 |  7- 9 || total
-------------------------+-------+-------+-------++-------
Melee: Dagger            |    46 |   178 |    60 ||   284
Evoke: Deck              |     4 |     5 |     5 ||    14
  Use: Potion            |     5 |     7 |       ||    12
       Scroll            |     5 |     2 |     3 ||    10
 Stab: Sleeping          |    17 |    24 |     4 ||    45
       Distracted        |       |     1 |       ||     1
  Eat: Chunk             |     1 |     9 |     4 ||    14
